 Dungeon Crawl Stone Soup version 0.31-a0-675-g238779eb0a (webtiles) character file.

Game seed: 17032590317953818295

24 qw the Shooter (level 3, 0/21 HPs)
             Began as a Gargoyle Hunter on Sept 5, 2023.
             Slain by a goblin
             ... wielding a +0 dagger
              (1 damage)
             ... on level 2 of the Dungeon.
             The game lasted 00:00:15 (613 turns).

qw the Shooter (Gargoyle Hunter)                     Turns: 613, Time: 00:00:15

Health: 0/21       AC:  6    Str: 14    XL:     3   Next: 2%
Magic:  3/3        EV: 11    Int:  9    God:
Gold:   71         SH:  5    Dex: 15    Spells: 2/2 levels left

rFire   . . .        Y - +0 shortbow
rCold   . . .        (shield currently unavailable)
rNeg    + . .        c - +0 leather armour
rPois   inf          (no helmet)
rElec   +            (no cloak)
rCorr   .            (no gloves)
SInv    .            (no boots)
Will    .....        g - amulet of reflection
Stlth   ++           (no ring)
HPRegen 0.23/turn    (no ring)
MPRegen 0.08/turn

%: reflection
@: no status effects
A: sickness immunity, AC +3, negative energy resistance 1, electricity
resistance, torment resistance 1, petrification resistance
a: no special abilities


You were on level 2 of the Dungeon.
You visited 1 branch of the dungeon, and saw 2 of its levels.

You collected 71 gold pieces.


Innate Abilities, Weirdness & Mutations

You are immune to sickness and miasma.
Your stone body is resilient. (AC +3)
You are immune to poison.
You resist negative energy. (rN+)
You are resistant to electric shocks. (rElec)
You are resistant to unholy torment.
You are immune to petrification.


   Skills:
 - Level 2.1 Fighting
 + Level 4.9 Ranged Weapons
 - Level 1.5 Dodging
 - Level 1.1 Stealth


You had 2 spell levels left.
You didn't know any spells.
Your spell library was empty.

Inventory:

Hand Weapons
 Y - a +0 shortbow (weapon)
Armour
 c - a +0 leather armour (worn)
Jewellery
 g - an amulet of reflection (around neck)
Scrolls
 a - 2 scrolls of identify

Dungeon Overview and Level Annotations

Branches:
Dungeon (2/15)

Altars:


Message History

You shoot an arrow. The arrow hits the kobold.
The kobold is severely wounded.
You block the kobold's attack.
You shoot an arrow. The arrow closely misses the kobold.
The kobold hits you but does no damage. The goblin closely misses you.
You shoot an arrow.
The arrow hits the kobold but does no damage.
The kobold is severely wounded.
The kobold misses you. The goblin hits you but does no damage.
An adder comes into view.
The kobold closely misses you. The goblin barely misses you.
You shoot an arrow. The arrow closely misses the kobold.
The adder hisses angrily.
The goblin hits you but does no damage. You block the kobold's attack.
You shoot an arrow. The arrow barely misses the kobold.
The goblin hits you with a +0 dagger. The kobold hits you but does no damage.
You shoot an arrow. The arrow barely misses the kobold.
You block the kobold's attack. You block the goblin's attack.
You shoot an arrow. The arrow misses the kobold.
The kobold closely misses you.
You shoot an arrow. The arrow hits the kobold.
The kobold is severely wounded.
The kobold hits you but does no damage. The goblin hits you with a +0 dagger.
You shoot an arrow. The arrow hits the kobold.
You kill the kobold!
The hobgoblin barely misses you. You block the goblin's attack.
The adder barely misses you.
You shoot an arrow. The arrow barely misses the adder.
The goblin hits you but does no damage. The hobgoblin barely misses you.
The adder barely misses you.
You shoot an arrow.
The arrow hits the adder but does no damage.
The adder bites you.
The hobgoblin hits you but does no damage.
You block the goblin's attack. The adder bites you.
The goblin hits you but does no damage. The hobgoblin closely misses you.
You shoot an arrow. The arrow hits the adder!
The adder is heavily wounded.
The adder misses you. The goblin hits you with a +0 dagger.
You die...

############
#..........#
###.###..g##.#
#......<#@g..#
#.#.##.###S......
#. ....... ..
...##.. #.# ...#
. #. .... #.
..... .. ...##.


You could see an adder, a hobgoblin and a goblin.

Vanquished Creatures
  A gnoll (D:1)
  A worm (D:2)
  3 endoplasms (D:1)
  A hobgoblin (D:1)
  A ball python (D:2)
  A frilled lizard (D:1)
  2 goblins (D:1)
  2 kobolds
12 creatures vanquished.

Notes
Turn   | Place    | Note
-------+----------+-------------------------------------------
     0 | D:1      | qw the Gargoyle Hunter began the quest for the Orb.
     0 | D:1      | Reached XP level 1. HP: 12/12 MP: 1/1
     0 | D:1      | 0 ||| qw: Version: 0.3-a-75-g829b12e
     0 | D:1      | 0 ||| qw: Game counter: 131
     0 | D:1      | 0 ||| qw: Melee chars always use a shield: true
     0 | D:1      | 0 ||| qw: God list: Okawaru
     0 | D:1      | 0 ||| qw: Allow faded altars: false
     0 | D:1      | 0 ||| qw: Do Orc after clearing Dungeon:15 true
     0 | D:1      | 0 ||| qw: Do second Lair branch before Depths: true
     0 | D:1      | 0 ||| qw: Lair rune preference: random
     0 | D:1      | 0 ||| qw: Goals: Normal
     0 | D:1      | 0 ||| PLANNING D:1-11
   191 | D:1      | Reached XP level 2. HP: 17/17 MP: 2/2
   444 | D:1      | Found a faded altar of an unknown god.
   536 | D:1      | 536 ||| UPGRADING to amulet of reflection.
   541 | D:1      | 541 ||| READING 3 scrolls labelled FOBAIR TIMITSOWO.
   542 | D:1      | 542 ||| READING scroll labelled ECATAR SUDUVA.
   543 | D:1      | 543 ||| READING 2 scrolls labelled HIYMME XYEQU.
   544 | D:1      | 544 ||| DROPPING scroll of butterflies.
   545 | D:1      | 545 ||| DROPPING scroll of revelation.
   564 | D:2      | 564 ||| STAIRDANCE
   601 | D:2      | Reached XP level 3. HP: 6/21 MP: 3/3
   606 | D:2      | HP: 5/21 [goblin/+0 dagger (3)]
   612 | D:2      | HP: 2/21 [adder (3)]
   613 | D:2      | Slain by a goblin

Levels and vault maps discovered:
D:1:      lemuel_arrival_cross, layout_rooms,
          shapermc_ecumenical_altar_mp_urbaneastern
D:2:      layout_loops_ring, serial_shops, nicolae_shop_statue_plus,
          uniq_terence

Action                     || total
---------------------------++-------
   Fire: Shortbow          ||    57
    Use: Scroll            ||     3
 Armour: Leather armour    ||    23
  Dodge: Dodged            ||    16
  Block: Other             ||    10

Table legend:
 A = Non-vault XP
 B = Vault XP
 C = Vault XP percentage of total XP
 D = Non-vault monster count
 E = Vault monster count
 F = Vault count percentage of total count
                 A         B        C        D         E       F
            +---------+---------+-------+---------+---------+-------
      Total |      35 |       0 |   0.0 |      12 |       0 |   0.0
            +---------+---------+-------+---------+---------+-------
        D:1 |      28 |       0 |   0.0 |       9 |       0 |   0.0
        D:2 |       7 |       0 |   0.0 |       3 |       0 |   0.0
            +---------+---------+-------+---------+---------+-------
